 Dungeon Crawl Stone Soup version 0.29.1-13-g9f3cf754e1 (webtiles) character file.

Game seed: 13332258669937747676

34 KittyFluff the Trooper (level 3, -1/36 HPs)
             Began as a Gargoyle Berserker on Jan 19, 2023.
             Was a Follower of Trog.
             Slain by Crazy Yiuf
             ... wielding a +2 quarterstaff of chaos
              (7 damage)
             ... on level 2 of the Dungeon.
             The game lasted 00:05:23 (1767 turns).

KittyFluff the Trooper (Gargoyle Berserker)         Turns: 1767, Time: 00:05:23

Health: -1/36      AC:  5    Str: 20    XL:     3   Next: 31%
Magic:  3/3        EV: 12    Int:  7    God:    Trog [*.....]
Gold:   73         SH:  0    Dex: 11    Spells: 2/2 levels left

rFire   . . .      SeeInvis .   a - +0 mace
rCold   . . .      Faith    .   (no shield)
rNeg    + . .      Spirit   .   b - +0 animal skin
rPois   ∞          Reflect  .   (no helmet)
rElec   +          Harm     .   (no cloak)
rCorr   .          Rampage  .   (no gloves)
Will    .....                   (no boots)
Stlth   ..........              (no amulet)
HPRegen 0.12/turn               (no ring)
MPRegen 0.08/turn               (no ring)

@: berserking, very quick
A: sickness immunity, AC +3, negative energy resistance 1, electricity
resistance, torment resistance 1, petrification resistance
a: Renounce Religion, Berserk


You were on level 2 of the Dungeon.
You worshipped Trog.
Trog was aware of your devotion.
You visited 1 branch of the dungeon, and saw 2 of its levels.

You collected 73 gold pieces.

Inventory:

Hand Weapons
 a - a +0 mace (weapon)
 h - a +0 sling
Missiles
 e - 20 stones (quivered)
Armour
 b - a +0 animal skin (worn)
 j - a +0 scale mail
Jewellery
 g - an amulet of faith
Scrolls
 c - a scroll of blinking {unknown}
 f - a scroll of fear {unknown}
 i - a scroll of teleportation {unknown}
 l - a scroll of identify {unknown}
 m - a scroll of poison {unknown}
Potions
 d - 2 potions of curing {unknown}
 k - a potion of might {unknown}
 n - a potion of lignification {unknown}


   Skills:
 + Level 3.7 Fighting
 + Level 3.6 Maces & Flails
 * Level 2.3 Armour
 + Level 1.9 Dodging


You had 2 spell levels left.
You didn't know any spells.
Your spell library was empty.

Dungeon Overview and Level Annotations

Branches:
Dungeon (2/15)

Altars:

Annotations:
D:2 Crazy Yiuf


Innate Abilities, Weirdness & Mutations

You are immune to sickness and miasma.
Your stone body is resilient. (AC +3)
You are immune to poison.
You resist negative energy. (rN+)
You are resistant to electric shocks. (rElec)
You are resistant to unholy torment.
You are immune to petrification.


Message History

The frilled lizard barely misses you.
You hit the frilled lizard.
You kill the frilled lizard!
Trog accepts your kill.
Found a bubbling clear potion.
m - a scroll labelled TEPPIU ATWIPLE
n - a bubbling clear potion
Found a stone staircase leading up.
Found 8 stones.
Found an escape hatch in the floor.
Found a stone staircase leading up and a stone staircase leading down.
e - 15 stones (gained 8)
You see here a +0 spear.
Found 5 stones.
Welcome back, KittyFluff the Gargoyle Berserker.
Trog says: Kill them all!
Press ? for a list of commands and other information.
e - 20 stones (gained 5)
Found a hammer.
Found a runed translucent door.
Crazy Yiuf cries, "You leg down broken song, no?"
You open the door.
Crazy Yiuf says, "Aardvark!
Adder infinity verde."
You hit Crazy Yiuf.
Crazy Yiuf is lightly wounded.
Crazy Yiuf hits you with a +2 quarterstaff of chaos.
Crazy Yiuf freezes you.
You barely miss Crazy Yiuf.
Crazy Yiuf is lightly wounded.
Crazy Yiuf closely misses you.
You sock Crazy Yiuf!
Crazy Yiuf is severely wounded.
Crazy Yiuf hits you with a +2 quarterstaff of chaos.
Crazy Yiuf burns you.
Crazy Yiuf hits you with a +2 quarterstaff of chaos!
* * * LOW HITPOINT WARNING * * *
Crazy Yiuf burns you.
* * * LOW HITPOINT WARNING * * *
A red film seems to cover your vision as you go berserk!
You feel yourself moving faster!
You feel mighty!
Crazy Yiuf hits you with a +2 quarterstaff of chaos!
You die...

##.###
......
.#.###
.#.##
#####
......
#)..#
###...
#...# ##
... #g#
#.###.#
♣@♣♣
###......
♣♣.♣
...... .##
♣.♣♣
...... ..#
♣♣.♣ #..
###.##
..## ♣♣.♣♣
#.# ##.##
... ♣♣...♣
#.#
##...##.#
♣....♣ #..
.....†<.#
#....# #.#
##)..####
#....###.#


You could see Crazy Yiuf.

Vanquished Creatures
  2 dart slugs (D:1)
  2 ball pythons
  2 bats (D:1)
  3 endoplasms (D:1)
  4 hobgoblins (D:1)
  4 kobolds (D:1)
  3 quokkas (D:1)
  3 frilled lizards
  2 rats (D:1)
25 creatures vanquished.

Notes
Turn   | Place    | Note
-------+----------+-------------------------------------------
     0 | D:1      | KittyFluff the Gargoyle Berserker began the quest for the
                  | Orb.
     0 | D:1      | Reached XP level 1. HP: 14/14 MP: 1/1
   434 | D:1      | Reached XP level 2. HP: 16/19 MP: 2/2
  1305 | D:1      | Reached XP level 3. HP: 20/24 MP: 3/3
  1759 | D:2      | Found a runed translucent door.
  1760 | D:2      | Noticed Crazy Yiuf
  1767 | D:2      | Slain by Crazy Yiuf

Illustrated notes

Levels and vault maps discovered:
D:1:      saegor_arrival_simple_d, layout_basic
D:2:      layout_loops_ring, uniq_crazy_yiuf_cottage

Action                   || total
-------------------------++-------
Melee: Mace              ||    76
Invok: Berserk           ||     1
 Stab: Sleeping          ||     1
Armor: Animal skin       ||    14
Dodge: Dodged            ||    40
